 Dungeon Crawl Stone Soup version 0.30-a0-242-g7bf8e6d787 (webtiles) character file.

Game seed: 17744480965527659806

172 Sobieck the Trooper (level 5, 0/57 HPs)
             Began as an Ogre Hexslinger on Oct 11, 2022.
             Succumbed to a water moccasin's poison
             ... on level 4 of the Dungeon.
             The game lasted 00:06:13 (2518 turns).

Sobieck the Trooper (Ogre Hexslinger)               Turns: 2518, Time: 00:06:13

Health: 0/57       AC:  8    Str: 16    XL:     5   Next: 52%
Magic:  1/6        EV:  9    Int: 14    God:
Gold:   176        SH:  0    Dex:  9    Spells: 5/6 levels left

rFire   . . .      SeeInvis .    a - +0 quarterstaff (speed) {staff}
rCold   . . .      Faith    .    (shield currently unavailable)
rNeg    . . .      Spirit   +    c - +1 robe
rPois   .          Reflect  .    (helmet restricted)
rElec   .          Harm     .    (no cloak)
rCorr   .          Rampage  .    (gloves unavailable)
Will    .....                    (boots unavailable)
Stlth   +.........               p - amulet of guardian spirit
HPRegen 0.29/turn                d - ring of wizardry
MPRegen 0.10/turn                u - +4 ring of protection

@: lethally poisoned (0 -> -11)
A: large, unfitting armour, tough skin 1
a: no special abilities


You were on level 4 of the Dungeon.
You visited 1 branch of the dungeon, and saw 4 of its levels.

You collected 176 gold pieces.


Innate Abilities, Weirdness & Mutations

You are too large for most types of armour.
You have tough skin. (AC +1)


   Skills:
 - Level 5.0 Fighting
 + Level 3.1 Maces & Flails
 - Level 1.3 Ranged Weapons
 - Level 1.7 Dodging
 - Level 1.2 Spellcasting
 - Level 2.6 Hexes


You had 5 spell levels left.
You knew the following spells:

 Your Spells              Type           Power      Damage    Failure   Level
a - Slow                  Hex            32%        N/A       3%          1

Your spell library contained the following spells:

 Spells                   Type           Power      Damage    Failure   Level
 Inner Flame              Hex/Fire       4%         N/A       17%         3
 Portal Projectile        Hex/Tloc       8%         N/A       17%         3
 Ozocubu's Armour         Ice            0%         N/A       30%         3
 Cause Fear               Hex            4%         N/A       32%         4
 Ozocubu's Refrigeration  Ice            0%         4d7       100%        7

Inventory:

Hand Weapons
 a - a +0 quarterstaff of speed (weapon) {staff}
   (You found it on level 3 of the Dungeon)
 b - a +1 sling
 q - a +0 short sword of draining {short}
   (You took it off a kobold on level 3 of the Dungeon)
 r - a +0 mace {mace}
   (You found it on level 1 of the Dungeon)
 t - a +0 morningstar {mace}
   (You found it on level 2 of the Dungeon)
Missiles
 f - a boomerang {throwing}
 g - 35 stones {throwing}
 v - 6 poisoned darts {throwing}
Armour
 c - a +1 robe (worn)
Jewellery
 d - a ring of wizardry (left hand)
   (You found it on level 1 of the Dungeon)
 p - an amulet of guardian spirit (around neck)
   (You found it on level 3 of the Dungeon)
 u - a +4 ring of protection (right hand)
   (You found it on level 2 of the Dungeon)
Scrolls
 e - a scroll of enchant armour
 k - a scroll of immolation {!r!r}
 o - a scroll of magic mapping {unknown}
Potions
 h - 2 potions of curing {@q1}
 i - 2 potions of resistance
 j - a potion of heal wounds {unknown}
 l - a potion of experience {unknown}
 m - 2 potions of haste {unknown}
 n - 2 potions of might {unknown}
 s - a potion of degeneration {unknown}
 z - a potion of magic {unknown}
 A - 2 potions of lignification {unknown}
 B - a potion of brilliance {unknown}

Dungeon Overview and Level Annotations

Branches:
Dungeon (4/15) Zot: 21464
 Temple: D:4-7

Altars:
Elyvilon
Makhleb
Okawaru

Annotations:
D:3 exclusion: ogre

.........#...............
)...##...................
....# ##.................
..[## ###......!.......
...######................
...<..#.##....##.........
#............###.......>.
##......#..#..#.S........
........####..##@........
..............#.S........
#........##..........###.
#####..........##....!..
...#......<.........
##..#....... ..###....
.## ..... ### .... .....
..


You could see a water moccasin and an adder.


Message History

Your Maces & Flails skill increases to level 3!
Unknown command.
You start resting.
You feel sick. x4
You are no longer poisoned.
Unknown command.
You start resting.
An endoplasm comes into view.
Danger!
Unknown command.
The endoplasm quivers.
There is a stone staircase leading up here.
You hit the endoplasm but do no damage. The endoplasm closely misses you.
You completely miss the endoplasm.
The endoplasm hits you but does no damage.
You sock the endoplasm!
You kill the endoplasm!
Unknown command.
You start resting.
Unknown command.
b - a +1 sling (weapon)
f - a boomerang {throwing}
v - 6 poisoned darts {throwing} (gained 1)
Things that are here:
a +0 chain mail; a +0 hand axe {axe}
There is a stone staircase leading up, spattered with blood here.
n - 2 brown potions (gained 1)
o - a scroll labelled RUEMPIMEYF Unknown command.
You now have 163 gold pieces (gained 5).
Found a stone staircase leading up.
Unknown command.
You now have 176 gold pieces (gained 13).
Found an escape hatch in the floor.
Unknown command.
A water moccasin comes into view.
The water moccasin hisses angrily.
Danger!
Unknown command.
Okay, then.
You shoot a sling bullet.
The sling bullet misses the water moccasin.
An adder comes into view.
You shoot a sling bullet.
The sling bullet closely misses the water moccasin.
The sling bullet closely misses the adder.
Your hands tingle!
a - a +0 quarterstaff of speed (weapon)
{staff} Unknown command.
Unknown command.
You barely miss the water moccasin.
The water moccasin bites you but does no damage.
You closely miss the water moccasin. The water moccasin bites you.
You are poisoned.
The water moccasin poisons you!
The water moccasin bites you but does no damage.
You barely miss the water moccasin.
You feel very sick. The water moccasin bites you!
You are more poisoned.
The water moccasin poisons you!
You closely miss the water moccasin.
You feel very sick.
You feel very sick. The adder bites you but does no damage.
The water moccasin barely misses you. The adder bites you but does no damage.
Unknown command.
You completely miss the water moccasin.
You feel very sick. The water moccasin barely misses you.
The adder bites you but does no damage.
Unknown command.
You miss the water moccasin.
You feel very sick.
The water moccasin bites you but does no damage.
The adder bites you but does no damage.
Unknown command.
You hit the water moccasin but do no damage.
You feel very sick. The water moccasin bites you!
* * * LOW HITPOINT WARNING * * *
You are lethally poisoned!
The water moccasin poisons you! The adder barely misses you.
You barely miss the water moccasin.
* * * LOW HITPOINT WARNING * * *
You feel very sick. The water moccasin bites you!
* * * LOW HITPOINT WARNING * * *
The adder misses you. The water moccasin barely misses you.
You hit the water moccasin.
* * * LOW HITPOINT WARNING * * *
You feel very sick. The adder bites you but does no damage.
The water moccasin bites you.
* * * LOW HITPOINT WARNING * * *
Unknown command.
You hit the water moccasin.
* * * LOW HITPOINT WARNING * * *
You feel very sick. The adder closely misses you.
The water moccasin barely misses you.
Unknown command.
You hit the water moccasin but do no damage.
You die...

Skill      XL: |  1  2  3  4  5 |
---------------+----------------+-----
Fighting       | 2 3 5 |  5.0
Maces & Flails | 2 3 |  3.1
Ranged Weapons | |  1.3
Dodging        | |  1.7
Spellcasting   | |  1.2
Hexes          | |  2.6

Action                   |  1- 3 |  4- 6 || total
-------------------------+-------+-------++-------
Melee: Quarterstaff      |    26 |   105 ||   131
 Fire: Sling             |    85 |    45 ||   130
Throw: Stone             |       |     4 ||     4
       Dart              |       |     2 ||     2
 Cast: Slow              |       |     1 ||     1
  Use: Scroll            |       |     8 ||     8
Armor: Robe              |    22 |    52 ||    74
Dodge: Dodged            |    26 |    62 ||    88

Levels and vault maps discovered:
D:1:      dpeg_arrival_pits, layout_basic, serial_corexii_hall,
          corexii_hall_statues_u, corexii_hall_statues_l, hangedman_decor_lopped
D:2:      layout_basic, basic_altar
D:3:      layout_rooms, nicolae_overflow_hidden_temple,
          makhleb_altar_promises_db, minmay_door_square, corner_web_ring
D:4:      layout_cave_pools, lemuel_doored_altar, fedhas_altar_4

Notes
Turn   | Place    | Note
-------+----------+-------------------------------------------
     0 | D:1      | Sobieck the Ogre Hexslinger began the quest for the Orb.
     0 | D:1      | Reached XP level 1. HP: 19/19 MP: 2/2
    23 | D:1      | Reached skill level 2 in Fighting
    32 | D:1      | Reached XP level 2. HP: 13/29 MP: 3/3
   169 | D:1      | Reached skill level 3 in Fighting
   480 | D:1      | You add the spells Ozocubu's Armour and Ozocubu's
                  | Refrigeration to your library.
   620 | D:2      | You fall into a shaft and drop 1 floor!
   657 | D:3      | Reached XP level 3. HP: 39/39 MP: 4/4
   682 | D:3      | Reached skill level 4 in Fighting
   734 | D:3      | Found a burning altar of Makhleb.
   791 | D:2      | Found a white marble altar of Elyvilon.
  1048 | D:2      | Reached skill level 5 in Fighting
  1048 | D:2      | Reached XP level 4. HP: 38/50 MP: 5/5
  1158 | D:2      | Reached skill level 1 in Maces & Flails
  1672 | D:3      | Found an iron altar of Okawaru.
  1725 | D:4      | Noticed an ogre
  1760 | D:3      | Noticed a green death
  2060 | D:3      | Reached skill level 2 in Maces & Flails
  2101 | D:3      | Reached XP level 5. HP: 57/57 MP: 6/6
  2328 | D:4      | Reached skill level 3 in Maces & Flails
  2502 | D:4      | Noticed a water moccasin
  2515 | D:4      | HP: 10/57 [water moccasin (6)]
  2516 | D:4      | HP: 4/57 [water moccasin (3)]
  2517 | D:4      | HP: 1/57 [poisoned by a water moccasin]
  2518 | D:4      | Succumbed to a water moccasin's poison

Vanquished Creatures
  An orc priest (D:3)
  8 adders
  2 dart slugs
  3 worms
  4 orcs
  2 bats
  An endoplasm (D:4)
  3 giant cockroaches
  8 goblins
  6 hobgoblins
  4 jackals
  2 kobolds
  2 quokkas
  4 ball pythons
  2 frilled lizards
  7 rats
59 creatures vanquished.

Table legend:
 A = Non-vault XP
 B = Vault XP
 C = Vault XP percentage of total XP
 D = Non-vault monster count
 E = Vault monster count
 F = Vault count percentage of total count
                 A         B        C        D         E       F
            +---------+---------+-------+---------+---------+-------
      Total |     246 |       0 |   0.0 |      59 |       0 |   0.0
            +---------+---------+-------+---------+---------+-------
        D:1 |      26 |       0 |   0.0 |      16 |       0 |   0.0
        D:2 |      55 |       0 |   0.0 |      16 |       0 |   0.0
        D:3 |     142 |       0 |   0.0 |      22 |       0 |   0.0
        D:4 |      23 |       0 |   0.0 |       5 |       0 |   0.0
            +---------+---------+-------+---------+---------+-------

Illustrated notes

Table legend:
 A = Kills in this place as a percentage of kills in entire the game.
 B = Kills by you in this place as a percentage of kills by you in the entire game.
 C = Kills by friends in this place as a percentage of kills by friends in the entire game.
 D = Other kills in this place as a percentage of other kills in the entire game.
 E = Experience gained in this place as a percentage of experience gained in the entire game.
 F = Experience gained in this place divided by the number of levels of this place that you have seen.
                   A       B       C       D       E      F
               +-------+-------+-------+-------+-------+----------------------
         Total | 100.0 | 100.0 |   N/A |   N/A | 100.0 |  61.5
       Dungeon | 100.0 | 100.0 |   N/A |   N/A | 100.0 |  61.5
               +-------+-------+-------+-------+-------+----------------------

Table legend: (Time is in decaauts)
 A = Elapsed time spent in this place.
 B = Non-inter-level travel time spent in this place.
 C = Inter-level travel time spent in this place.
 D = Time resting spent in this place.
 E = Time spent auto-exploring this place.
 F = Levels seen in this place.
 G = Mean time per level.
                   A        B        C        D        E       F      G
               +--------+--------+--------+--------+--------+-----+--------+
         Total |   2535 |   2344 |    191 |    210 |   1510 |   4 |  633.8 |
       Dungeon |   2535 |   2344 |    191 |    210 |   1510 |   4 |  633.8 |
               +--------+--------+--------+--------+--------+-----+--------+

Top non-repeatable levels by time:
     D:3: 941 daAuts
     D:2: 707 daAuts
     D:1: 614 daAuts
     D:4: 272 daAuts
